 Dungeon Crawl Stone Soup version 0.29.0-13-gc9e81de378 (webtiles) character file.

Game seed: 4289782863551802670

37 Strat the Slasher (level 3, 0/26 (28) HPs)
             Began as a Barachi Warper on Sept 7, 2022.
             Slain by a jackal (2 damage)
             ... on level 4 of the Dungeon.
             The game lasted 00:02:09 (1343 turns).

Strat the Slasher (Barachi Warper)                  Turns: 1343, Time: 00:02:11

HP:   0/26 (28)     AC:  4    Str: 14    XL:     3   Next: 41%
MP:   6/6           EV: 11    Int: 13    God:
Gold: 68            SH:  0    Dex: 11    Spells: 4/6 levels left

rFire   . . .      SeeInvis .   a - +0 falchion
rCold   . . .      Faith    .   (no shield)
rNeg    . . .      Spirit   .   b - +0 leather armour
rPois   .          Reflect  .   (no helmet)
rElec   .          Harm     .   f - +0 cloak
rCorr   .          Rampage  .   (no gloves)
Will    .....                   (no boots)
Stlth   +.........              (no amulet)
HPRegen 0.08/turn               (no ring)
MPRegen 0.10/turn               (no ring)

@: unable to hop, drained, slow
A: amphibious, slowness 1, strong legs 1, +LOS
a: Hop


You were on level 4 of the Dungeon.
You visited 1 branch of the dungeon, and saw 4 of its levels.

You collected 68 gold pieces.

Inventory:

Hand Weapons
 a - a +0 falchion (weapon)
Missiles
 d - 7 boomerangs of dispersal (quivered)
Armour
 b - a +0 leather armour (worn)
 f - a +0 cloak (worn)
Scrolls
 c - a scroll of blinking
 g - 4 scrolls of teleportation {unknown}
 j - a scroll of noise {unknown}
 k - a scroll of enchant armour {unknown}
Potions
 e - a potion of flight {unknown}
 h - 2 potions of ambrosia {unknown}
 i - a potion of might {unknown}
 l - 2 potions of curing {unknown}


   Skills:
 - Level 2.4 Fighting
 + Level 4.5 Long Blades
 - Level 1.0 Throwing
 - Level 1.2 Armour
 - Level 2.1 Dodging
 - Level 2.1 Spellcasting
 - Level 3.2 Translocations


You had 4 spell levels left.
You knew the following spells:

 Your Spells              Type           Power      Damage    Failure   Level
a - Blink                 Tloc           18%        N/A       12%         2

Your spell library contained the following spells:

 Spells                   Type           Power      Damage    Failure   Level
 Gell's Gravitas          Tloc           9%         N/A       24%         3
 Lesser Beckoning         Tloc           9%         N/A       24%         3
 Teleport Other           Tloc           9%         N/A       24%         3
 Ignite Poison            Fire/Tmut/Pois 1%         N/A       67%         3
 Mephitic Cloud           Conj/Pois/Air  1%         N/A       67%         3
 Iskenderun's Mystic Bla  Conj/Tloc      5%         2d3       83%         4
 Fulminant Prism          Conj/Hex       0%         3d6       97%         4
 Manifold Assault         Tloc           9%         N/A       91%         5
 Freezing Cloud           Conj/Ice/Air   0%         6-21      100%        5
 Lee's Rapid Deconstruct  Erth           0%         3d5*      100%        5


Dungeon Overview and Level Annotations

Branches:
Dungeon (4/15)
 Temple: D:4-7

Altars:


Innate Abilities, Weirdness & Mutations

You are amphibious.
You cover ground slowly.
You can hop short distances.
You have an extended range of vision and can be seen from far away.


Message History

Hop to where?
Press: ? - help, Dir - move target Boing!
The hobgoblin attacks as you move away! The hobgoblin closely misses you.
The hobgoblin hits you but does no damage.
The hobgoblin attacks as you move away!
The hobgoblin hits you but does no damage.
The hobgoblin hits you. The wight attacks as you move away!
The wight hits you with a +0 dagger.
* * * LOW HITPOINT WARNING * * *
There is a stone staircase leading down here.
The wight closely misses you.
You climb downwards.
The jackal barks!
The adder hisses angrily.
Found 8 stones, a quarterstaff and 18 gold pieces.
There is a stone staircase leading up here.
A goblin and a jackal come into view.
You hit the wight but do no damage. The wight hits you with a +0 dagger.
* * * LOW HITPOINT WARNING * * *
You hit the wight.
The wight is lightly damaged.
The wight misses you.
You barely miss the wight.
The wight is lightly damaged.
The wight hits you with a +0 dagger.
* * * LOW HITPOINT WARNING * * *
You feel drained.
* * * LOW HITPOINT WARNING * * *
You closely miss the wight. Your punch misses the wight.
The wight is lightly damaged.
The wight barely misses you. The jackal bites you.
* * * LOW HITPOINT WARNING * * *
You barely miss the wight.
The wight is lightly damaged.
The jackal bites you but does no damage.
The jackal completely misses you. The wight hits you with a +0 dagger.
* * * LOW HITPOINT WARNING * * *
An adder comes into view.
The jackal bites you.
You die...

... .#$## ...
.#..#. #..
....... #
..###.)..... #.
...#.....S. ## ..
.......... ....#.
#.........
.......##z...#...
......g.@hS.(..#
.........h.....#
.........#..#...#
.....#..###..##.#
.#.. ..# ..# #
... ... .... #.
.... ....# #
###.. ##.# ..##
##


You could see a wight, 2 adders, 2 jackals and a goblin.

Vanquished Creatures
  A dart slug (D:1)
  2 endoplasms
  3 giant cockroaches
  A goblin (D:1)
  3 hobgoblins
  A jackal (D:3)
  9 kobolds
  A quokka (D:1)
  5 ball pythons
  3 bats
  4 frilled lizards
  A rat (D:3)
34 creatures vanquished.

Notes
Turn   | Place    | Note
-------+----------+-------------------------------------------
     0 | D:1      | Strat the Barachi Warper began the quest for the Orb.
     0 | D:1      | Reached XP level 1. HP: 17/17 MP: 3/3
   163 | D:1      | Reached skill level 3 in Long Blades
   217 | D:1      | Reached XP level 2. HP: 17/23 MP: 5/5
   246 | D:1      | Found a faded altar of an unknown god.
   739 | D:1      | Reached skill level 4 in Long Blades
   750 | D:1      | Learned a level 2 spell: Blink
   851 | D:2      | Reached XP level 3. HP: 28/28 MP: 6/6
  1308 | D:3      | Noticed a wight
  1308 | D:3      | Noticed a wight
  1343 | D:4      | Slain by a jackal

Illustrated notes

Levels and vault maps discovered:
D:1:      saegor_arrival_simple_a, layout_rooms,
          nicolae_ecumenical_snake_handling
D:2:      layout_basic, kennysheep_generic_room_14
D:3:      layout_loops_ring
D:4:      minmay_chambers_of_twos, layout_cave_pools,
          minmay_temple_entry_slanted, minmay_liquid_box, minivault_27

Skill      XL: |  1  2 |
---------------+-------+-----
Long Blades    | 3 4 |  4.5
Fighting       | |  2.4
Throwing       | |  1.0
Armour         | |  1.2
Dodging        | |  2.1
Spellcasting   | |  2.1
Translocations | |  3.2

Action                   || total
-------------------------++-------
Melee: Falchion          ||   110
 Abil: Hop               ||     1
 Stab: Sleeping          ||     1
Armor: Leather armour    ||    30
Dodge: Dodged            ||    85
